 Dungeon Crawl Stone Soup version 0.24-a0-730-g011b83a (webtiles) character file.

Game seed: 13497610533194135147, levelgen mode: deterministic

212 Laraso the Sneak (level 5, 0/28 HPs)
             Began as a Vampire Enchanter on Oct 1, 2019.
             Slain by a worker ant (5 damage)
             ... on level 3 of the Dungeon.
             The game lasted 00:06:06 (2852 turns).

Laraso the Sneak (Vampire Enchanter)                Turns: 2852, Time: 00:06:07

Health: 0/28       AC:  3    Str:  7    XL:     5   Next: 58%
Magic:  0/8        EV: 12    Int: 19    God:
Gold:   228        SH:  0    Dex: 14    Spells: 5/8 levels left

rFire    . . .     SeeInvis +   a - +1 dagger
rCold    + + .     Gourm    .   (no shield)
rNeg     + + +     Faith    .   g - +0 leather armour (curse)
rPois    ∞         Spirit   .   (no helmet)
rElec    .         Reflect  .   (no cloak)
rCorr    .         Harm     .   (no gloves)
MR       .....                  (no boots)
Stlth    +++++.....             (no amulet)
HPRegen  0.00/turn              (no ring)
MPRegen  0.11/turn              (no ring)

@: very slightly contaminated, bloodless, regenerating quickly
A: no food, fangs 3, see invisible, unbreathing
a: Bat Form, Revivify


You were on level 3 of the Dungeon.
You were bloodless.

You visited 1 branch of the dungeon, and saw 3 of its levels.

You collected 228 gold pieces.

Inventory:

Hand Weapons
 a - a +1 dagger (weapon)
 b - a +0 long sword
Armour
 g - a cursed +0 leather armour (worn)
 l - a +0 robe
Wands
 h - a wand of flame (3)
Scrolls
 e - a scroll of magic mapping
 f - a scroll of enchant weapon
Potions
 c - a potion of lignification {unknown}
 d - a potion of heal wounds
 i - a potion of ambrosia {unknown}
 j - a potion of curing


   Skills:
 - Level 5.0 Short Blades
 - Level 2.1 Dodging
 + Level 6.7 Stealth
 * Level 2.0 Spellcasting
 * Level 4.4 Hexes
 * Level 0.1 Ice Magic


You had 5 spell levels left.
You knew the following spells:

 Your Spells              Type           Power        Failure   Level  Hunger
a - Corona                Hex            ###....      4%          1    N/A
b - Ensorcelled Hibernat  Hex/Ice        ##....       16%         2    N/A

Your spell library contained the following spells:

 Spells                   Type           Power        Failure   Level  Hunger
 Confuse                  Hex            ###.....     12%         3    N/A
 Tukima's Dance           Hex            ###.....     12%         3    N/A
 Dazzling Spray           Conj/Hex       ##....       30%         3    N/A

Dungeon Overview and Level Annotations

Branches:
Dungeon (3/15)

Altars:


Innate Abilities, Weirdness & Mutations

You do not eat.
You do not regenerate when monsters are visible.
You are frail without blood (-20% HP).
You are immune to poison.
You have razor-sharp teeth.
You have supernaturally acute eyesight. (SInv)
You can survive without breathing.


Message History

The worker ant barely misses you. The worker ant bites you.
You take 4 damage, and have 24/28 hp.
The worker ant closely misses you.
Aim: a worker ant (chance to defeat MR: 50%)
The worker ant resists with some effort.
* * * LOW MAGIC WARNING * * *
The worker ant bites you but does no damage.
You now have 0/8 mp.
You hit the worker ant.
The worker ant bites you but does no damage.
You hit the worker ant but do no damage.
The worker ant misses you.
You hit the worker ant but do no damage.
The worker ant barely misses you.
You hit the worker ant but do no damage.
The worker ant misses you.
You hit the worker ant. You barely miss the worker ant.
The worker ant barely misses you.
You closely miss the worker ant. The worker ant closely misses you.
You hit the worker ant but do no damage.
The worker ant closely misses you.
You hit the worker ant but do no damage.
Your bite misses the worker ant. The worker ant bites you!
You take 7 damage, and have 17/28 hp.
MASSIVE DAMAGE!!
You hit the worker ant but do no damage.
The worker ant misses you. The worker ant closely misses you.
The worker ant barely misses you.
Aim: a worker ant (lightly wounded, chance to defeat MR: 50%)
The worker ant resists with some effort.
* * * LOW MAGIC WARNING * * *
The worker ant barely misses you.
You now have 0/8 mp.
The worker ant waves its antennae.
The worker ant closely misses you. The worker ant bites you.
* * * LOW HITPOINT WARNING * * *
You take 3 damage, and have 14/28 hp.
The worker ant closely misses you.
Aim: a worker ant (lightly wounded, chance to defeat MR: 50%)
You miscast Ensorcelled Hibernation.
You are very lightly contaminated with residual magic.
Nothing appears to happen.
* * * LOW MAGIC WARNING * * *
The worker ant barely misses you.
You now have 0/8 mp.
The worker ant closely misses you. The worker ant bites you.
* * * LOW HITPOINT WARNING * * *
You take 3 damage, and have 12/28 hp.
The worker ant misses you. The worker ant bites you!
* * * LOW HITPOINT WARNING * * *
You take 7 damage, and have 5/28 hp.
MASSIVE DAMAGE!!
Aim: a worker ant (chance to defeat MR: 50%)
The worker ant resists with some effort.
* * * LOW MAGIC WARNING * * *
The worker ant bites you.
You die...

#.##.##.# #.## #.##.##.# #.##
###....##.# #.## #....(.##.# ..
#... #.#.##.##.###. ####..
#.#.......#... ..#...
#.#.......#.#.##.#...
#.####.##.#......#...
#...@a.##.#.#....##..
####################.#.##...###.
#.........####### #.#.#........
#.#.#...#.......# #........####
.#.#<......#####.# ###.†...##
..............# # ###.###
.#.#.......##.# .# #..)#
#.#.#...#.##.##.# #...#
#..........).(..# #...#


You could see a worker ant.

Vanquished Creatures
  A howler monkey (D:2)
  An orc wizard (D:3)
  Natasha (D:2)
  5 adders
  3 worms (D:2)
  A dart slug (D:1)
  A leopard gecko (D:3)
  4 orcs (D:3)
  4 giant cockroaches
  9 goblins
  5 hobgoblins
  3 quokkas
  6 ball pythons
  6 bats
  5 frilled lizards
  7 kobolds
  8 rats
70 creatures vanquished.

Notes
Turn   | Place    | Note
-------+----------+-------------------------------------------
     0 | D:1      | Laraso the Vampire Enchanter began the quest for the Orb.
     0 | D:1      | Reached XP level 1. HP: 13/13 MP: 3/3
   352 | D:1      | Reached skill level 2 in Short Blades
   352 | D:1      | Reached XP level 2. HP: 19/19 MP: 5/5
   356 | D:1      | Learned a level 2 spell: Ensorcelled Hibernation
   737 | D:1      | Reached skill level 5 in Stealth
   835 | D:1      | Reached XP level 3. HP: 19/19 MP: 6/6
  1054 | D:2      | Reached skill level 3 in Short Blades
  1168 | D:2      | Reached XP level 4. HP: 24/24 MP: 7/7
  1315 | D:2      | Found a faded altar of an unknown god.
  1800 | D:2      | Reached skill level 4 in Short Blades
  1941 | D:2      | Reached skill level 6 in Stealth
  2057 | D:3      | Noticed Natasha
  2078 | D:2      | HP: 7/24 [Natasha (5)]
  2079 | D:2      | HP: 2/24 [Natasha (5)]
  2083 | D:2      | Killed Natasha
  2181 | D:3      | Reached XP level 5. HP: 27/28 MP: 8/8
  2704 | D:3      | Reached skill level 5 in Short Blades
  2849 | D:3      | HP: 5/28 [worker ant (7)]
  2852 | D:3      | Slain by a worker ant

Levels and vault maps discovered:
D:1:      minmay_arrival_jagged, layout_loops_ring, minmay_pentomino_p4
D:2:      layout_basic, chequers_ecumenical_altar_simple_redux,
          minmay_shallow_snake_nest
D:3:      layout_loops_cross, marbit_many_paths, uniq_natasha

Skill      XL: |  1  2  3  4  5 |
---------------+----------------+-----
Short Blades   | 2 3 4 5 |  5.0
Stealth        | 5 6 |  6.7
Dodging        | |  2.1
Spellcasting   | |  2.0
Hexes          | |  4.4
Ice Magic      | |  0.1

Action                   |  1- 3 |  4- 6 || total
-------------------------+-------+-------++-------
Melee: Dagger            |    93 |    93 ||   186
       Bite              |     6 |     4 ||    10
 Cast: Corona            |    15 |     2 ||    17
       Ensorcelled Hiber |       |    26 ||    26
 Abil: Exsanguinate      |     1 |       ||     1
  Use: Scroll            |     3 |     3 ||     6
       Potion            |       |     1 ||     1
 Stab: Sleeping          |     9 |    27 ||    36
       Distracted        |     1 |       ||     1
Armor: Robe              |    13 |       ||    13
       Leather armour    |    12 |    11 ||    23
Dodge: Dodged            |    50 |    52 ||   102

Table legend:
 A = Non-vault XP
 B = Vault XP
 C = Vault XP percentage of total XP
 D = Non-vault monster count
 E = Vault monster count
 F = Vault count percentage of total count
                 A         B        C        D         E       F
            +---------+---------+-------+---------+---------+-------
      Total |     243 |      61 |  20.1 |      61 |       9 |  12.9
            +---------+---------+-------+---------+---------+-------
        D:1 |      35 |       8 |  18.6 |      24 |       3 |  11.1
        D:2 |      97 |      53 |  35.3 |      13 |       6 |  31.6
        D:3 |     111 |       0 |   0.0 |      24 |       0 |   0.0
            +---------+---------+-------+---------+---------+-------

Table legend:
 A = Kills in this place as a percentage of kills in entire the game.
 B = Kills by you in this place as a percentage of kills by you in the entire game.
 C = Kills by friends in this place as a percentage of kills by friends in the entire game.
 D = Other kills in this place as a percentage of other kills in the entire game.
 E = Experience gained in this place as a percentage of experience gained in the entire game.
 F = Experience gained in this place divided by the number of levels of this place that you have seen.
                   A       B       C       D       E      F
               +-------+-------+-------+-------+-------+----------------------
         Total | 100.0 | 100.0 |   N/A |   N/A | 100.0 | 101.3
       Dungeon | 100.0 | 100.0 |   N/A |   N/A | 100.0 | 101.3
               +-------+-------+-------+-------+-------+----------------------

Table legend:
 A = Turns spent in this place as a percentage of turns spent in the entire game.
 B = Non-inter-level travel turns spent in this place as a percentage of non-inter-level travel turns spent in the entire game.
 C = Inter-level travel turns spent in this place as a percentage of turns spent in this place.
 D = Turns resting spent in this place as a percentage of non-inter-level travel turns spent in this place.
 E = Turns spent auto-exploring this place as a percentage of non-inter-level travel turns spent in this place.
 F = Non-inter-level travel turns spent in this place divided by the number of levels of this place that you've seen.
                   A       B       C       D       E      F
               +-------+-------+-------+-------+-------+----------------------
         Total | 100.0 | 100.0 |   3.0 |  20.5 |  51.7 | 922.0
       Dungeon | 100.0 | 100.0 |   3.0 |  20.5 |  51.7 | 922.0
               +-------+-------+-------+-------+-------+----------------------

Levels and vault maps discovered:
D:1:      minmay_arrival_jagged, layout_loops_ring, minmay_pentomino_p4
D:2:      layout_basic, chequers_ecumenical_altar_simple_redux,
          minmay_shallow_snake_nest
D:3:      layout_loops_cross, marbit_many_paths, uniq_natasha
